 Dungeon Crawl Stone Soup version 0.30-a0-851-gbd0d260d8e (webtiles) character file.

Game seed: 14338392337995066810

25931 Lavandula the Thaumaturge (level 12, -7/58 HPs)
             Began as a Felid Hedge Wizard on Mar 4, 2023.
             Was a High Priest of Vehumet.
             Killed by vampiric draining
             ... invoked by a vampire
              (20 damage)
             ... on level 11 of the Dungeon.
             The game lasted 01:24:14 (24600 turns).

Lavandula the Thaumaturge (Felid Hedge Wizard)     Turns: 24600, Time: 01:24:14

Health: -7/58      AC:  3    Str: 12    XL:     12   Next: 93%
Magic:  11/28      EV: 23    Int: 21    God:    Vehumet [*****.]
Gold:   1204       SH:  0    Dex: 15    Spells: 0/33 levels left
                                        Lives:  0   Deaths: 3

rFire   . . .      SeeInvis +      - Unarmed
rCold   + . .      Faith    +    (shield unavailable)
rNeg    . . .      Spirit   .    (body armour unavailable)
rPois   .          Reflect  .    (helmet unavailable)
rElec   .          Rampage  .    (cloak unavailable)
rCorr   .                        (gloves unavailable)
Will    +....                    (boots unavailable)
Stlth   +++++                    l - amulet of faith
HPRegen 0.29/turn                m - +6 ring of strength
MPRegen 0.21/turn                D - ring of wizardry

@: quick
A: very small, claws 1, fangs 3, see invisible, speed 1, shaggy fur 3, stealthy
paws, no weapons or thrown items, no armour, multi-lived
a: Renounce Religion


You were on level 11 of the Dungeon.
You worshipped Vehumet.
Vehumet was extremely pleased with you.
You visited 4 branches of the dungeon, and saw 18 of its levels.

You collected 1512 gold pieces.
You spent 308 gold pieces at shops.

Inventory:

Jewellery
 l - an amulet of faith (around neck)
 m - a +6 ring of strength (left paw)
 w - a ring of ice
 D - a ring of wizardry (right paw)
 H - a ring of protection from cold
 I - a ring of protection from fire
Wands
 q - a wand of mindburst (2)
 B - a wand of iceblast (3)
 E - a wand of flame (15)
 F - a wand of digging (5)
 G - a wand of charming (5)
Scrolls
 g - 4 scrolls of fear
 j - 6 scrolls of fog
 k - 5 scrolls of teleportation
 n - a scroll of poison
 o - 7 scrolls of blinking
 t - 2 scrolls of magic mapping
 u - 4 scrolls of immolation
 y - a scroll of silence
 z - 2 scrolls of vulnerability
 A - 2 scrolls of amnesia
 C - a scroll of torment
Potions
 a - 3 potions of curing
 b - 2 potions of heal wounds
 c - 3 potions of resistance {unknown}
 d - 4 potions of lignification
 e - 3 potions of attraction
 f - 3 potions of haste
 h - a potion of flight {unknown}
 i - a potion of invisibility {unknown}
 p - a potion of cancellation {unknown}
 r - 7 potions of mutation
 s - 4 potions of brilliance {unknown}
 v - a potion of ambrosia {unknown}
 x - a potion of berserk rage {unknown}
 J - 2 potions of magic
 O - 2 potions of might {unknown}
Miscellaneous
 P - a box of beasts (inert)


   Skills:
 - Level 10.5 Fighting
 - Level 10.5 Dodging
 - Level 10.5 Stealth
 - Level 6.5 Unarmed Combat
 - Level 11.3 Spellcasting
 - Level 5.4 Conjurations
 - Level 4.7 Hexes
 - Level 2.9 Summonings
 - Level 3.6 Translocations
 + Level 3.8 Fire Magic
 - Level 4.0 Air Magic
 - Level 3.1 Poison Magic
 - Level 5.2 Evocations


You couldn't memorise any spells.
You knew the following spells:

 Your Spells              Type           Power      Damage    Failure   Level
a - Magic Dart            Conj           100%       1d8       1%          1
b - Call Imp              Summ           24%        N/A       1%          2
c - Blink                 Tloc           54%        N/A       1%          2
d - Cigotuvi's Dreadful   Necr/Pois/Air  44%        N/A       1%          2
e - Mephitic Cloud        Conj/Pois/Air  29%        N/A       1%          3
f - Shock                 Conj/Air       100%       1d9       1%          1
g - Vampiric Draining     Necr           11%        2d6       7%          3
h - Confusing Touch       Hex            32%        N/A       1%          3
i - Fireball              Conj/Fire      15%        3d8       3%          5
j - Poisonous Vapours     Pois/Air       54%        N/A       1%          2
k - Sticky Flame          Conj/Fire      31%        2d5       1%          4
l - Arcjolt               Conj/Air       15%        1d25      2%          5

Your spell library contained the following spells:

 Spells                   Type           Power      Damage    Failure   Level
 Slow                     Hex            100%       N/A       1%          1
 Lesser Beckoning         Tloc           54%        N/A       1%          2
 Momentum Strike          Conj/Tloc      60%        3d9       1%          2
 Searing Ray              Conj           68%        2d6       1%          2


Dungeon Overview and Level Annotations

Branches:
Dungeon (11/15)            Temple (1/1) D:4            Lair (4/5) D:9
  Swamp (0/4) Lair:3        Snake (0/4) Lair:3        Slime (0/5) Lair:4
    Orc (2/2) D:10            Elf (0/3) Orc:2

Altars:
Ashenzari
Cheibriados
Dithmenos
Elyvilon
Fedhas
Gozag
Hepliaklqana
Makhleb
Nemelex Xobeh
Okawaru
Qazlal
Ru
Sif Muna
Uskayaw
Vehumet
Wu Jian
Xom
Yredelemnul
The Shining One
Jiyva

Shops:
D:3 (   D:5 *

Annotations:
D:8 exclusion: door
D:11 exclusion: gargoyle, Gastronok
Lair:2 exclusion: door


Innate Abilities, Weirdness & Mutations

You have sharp claws.
You have razor-sharp teeth.
You have supernaturally acute eyesight. (SInv)
You cover ground quickly. (Speed+)
Your thick and shaggy fur keeps you warm. (AC +3, rC+)
Your paws help you pounce on unaware monsters.
You are incapable of wielding weapons or throwing items.
You cannot wear armour.
You gain extra lives every three experience levels.


Message History

Confirm with . or Enter, or press ? or * to list all spells.
Electricity surges outward!
The vampire is moderately damaged.
The vampire burns!
The vampire draws life force from you!
The vampire is healed by the life force!
You scratch the vampire but do no damage.
You bite the vampire, but do no damage.
The vampire is moderately damaged.
The vampire burns!
The vampire barely misses you. x2
You completely miss the vampire. You bite the vampire.
The vampire is heavily damaged.
The vampire burns!
The vampire closely misses you. The vampire misses you.
You scratch the vampire but do no damage.
You claw the vampire, but do no damage.
The vampire is almost destroyed.
The vampire burns!
The vampire completely misses you. The vampire bites you.
The vampire draws strength from your injuries!
You scratch the vampire.
The vampire is almost destroyed.
The vampire burns!
The vampire stops burning.
The vampire draws life force from you!!
The vampire is healed by the life force!
A vampire is nearby!
Casting: Arcjolt (dangerous; 2% risk of failure)
Confirm with . or Enter, or press ? or * to list all spells.
Electricity surges outward!
The vampire is almost destroyed.
The vampire draws life force from you!
* * * LOW HITPOINT WARNING * * *
The vampire is healed by the life force!
Casting: Arcjolt (dangerous; 2% risk of failure)
Confirm with . or Enter, or press ? or * to list all spells.
Aiming: Sticky Flame (dangerous; 1% risk of failure)
Press: ? - help, Shift-Dir - straight line, f/p - vampire
Aim: a vampire (heavily damaged, slightly transparent)
The sticky flame hits the vampire.
The vampire is severely damaged.
The vampire is covered in liquid flames!
The vampire burns!
The vampire draws life force from you!!
You die...

... ... ... #.# # #.# #.
#.# #.####.#
.....#.#################
#.#.<..........@V......
#..#.#################
#.#.....# ######## ..
#.###.## #.....9#
.V##.##...## #.#
.....#..<..#####.#
#.##.............# #
#.#.....#######
#.##...##


You could see a vampire (invisible, burning).

Vanquished Creatures
  4 hydras
  Harold (D:9)
  2 catoblepae
  2 two-headed ogres
  2 death yaks (Lair:4)
  Sonja (D:10)
  A skyshark (Lair:4)
  An ugly thing (D:8)
  2 black mambas (Lair:4)
  A torpor snail (Lair:3)
  3 elephants (Lair:4)
  2 cane toads
  2 gargoyles
  Maggie (D:6)
  7 komodo dragons
  A rime drake (Lair:4)
  7 trolls
  2 polar bears (Lair:4)
  Sigmund (D:6)
  20 blink frogs
  2 dream sheep (Lair:3)
  5 humans (D:8)
  5 basilisks
  5 wyverns
  10 yaks
  A steam dragon (D:9)
  2 vampire mosquitoes (D:10)
  3 wargs
  Menkaure (D:6)
  2 nagas (Lair:3)
  12 water moccasins
  2 black bears
  10 orc warriors
  An ice beast (D:5)
  4 ogres
  3 centaurs
  A phantom (D:7)
  A kobold brigand (D:8)
  10 bullfrogs
  4 gnoll sergeants
  3 scorpions
  10 wights
  5 killer bees (D:7)
  3 howler monkeys
  5 electric eels
  A jelly (D:5)
  8 orc priests
  3 gnoll boudas
  3 hounds (D:5)
  2 iguanas (D:5)
  12 orc wizards
  25 gnolls
  An adder (D:2)
  2 shadow imps
  3 ufetubi
  A worm (D:5)
  A dart slug (D:5)
  27 orcs
  8 ball pythons
  8 bats
  7 endoplasms
  4 giant cockroaches
  5 goblins
  9 hobgoblins
  9 kobolds
  4 quokkas
  A frilled lizard (D:2)
  4 rats
321 creatures vanquished.

Vanquished Creatures (collateral kills)
  A hydra (Lair:4)
  A cane toad (Lair:1)
  A komodo dragon (D:10)
  Prince Ribbit (D:8)
  2 blink frogs (Lair:1)
  A basilisk (Lair:1)
  2 water moccasins
  A black bear (D:6)
  An ogre (D:10)
  3 bullfrogs
  A gnoll sergeant (D:10)
  A crimson imp (D:6)
  A hound (D:4)
  Crazy Yiuf (D:3)
  An iguana (D:6)
  2 orc wizards
  2 gnolls
  5 adders
  A worm (D:2)
  5 orcs
  3 ball pythons
  4 jackals (D:3)
  A bat (D:2)
  3 kobolds
45 creatures vanquished.

Vanquished Creatures (others)
  A killer bee (D:7)
  76 fungi
  87 plants
  4 toadstools (D:9)
168 creatures vanquished.

Grand Total: 534 creatures vanquished

Notes
Turn   | Place    | Note
-------+----------+-------------------------------------------
     0 | D:1      | Lavandula the Felid Hedge Wizard began the quest for the
                  | Orb.
     0 | D:1      | Reached XP level 1. HP: 7/7 MP: 5/5
    83 | D:1      | You fall into a shaft and drop 1 floor!
   263 | D:2      | Reached XP level 2. HP: 11/11 MP: 0/7
   266 | D:2      | Learned a level 2 spell: Call Imp
   354 | D:2      | Learned a level 2 spell: Blink
   468 | D:2      | Learned a level 2 spell: Cigotuvi's Dreadful Rot
   600 | D:2      | Reached skill level 1 in Conjurations
   962 | D:1      | Reached XP level 3. HP: 14/14 MP: 6/9
  1775 | D:2      | Reached XP level 4. HP: 18/18 MP: 2/10
  1874 | D:2      | Learned a level 3 spell: Mephitic Cloud
  2064 | D:3      | Killed from afar by an orc wizard
  2065 | D:3      | Reached XP level 3. HP: -3/14 MP: 2/9
  2325 | D:3      | Reached XP level 4. HP: 18/18 MP: 4/10
  3155 | D:3      | Reached skill level 1 in Fighting
  3223 | D:3      | Found a runed translucent door.
  3224 | D:3      | Noticed Crazy Yiuf
  3269 | D:3      | Found Poklusuw's Antique Weapon Shop.
  3357 | D:3      | Killed Crazy Yiuf
  3637 | D:4      | Reached XP level 5. HP: 23/23 MP: 8/11
  3670 | D:4      | Noticed a phantom
  3900 | D:4      | Found a staircase to the Ecumenical Temple.
  3920 | Temple   | Entered the Ecumenical Temple
  4026 | Temple   | Became a worshipper of Vehumet
  4142 | D:4      | Found a sparkling altar of Nemelex Xobeh.
  4367 | D:4      | Found a basalt altar of Yredelemnul.
  4573 | D:4      | Found a blossoming altar of Fedhas.
  4796 | D:5      | Entered Level 5 of the Dungeon
  4812 | D:5      | Reached skill level 1 in Unarmed Combat
  4863 | D:5      | Noticed an ice beast
  5690 | D:6      | Gained mutation: You are covered in thick fur. (AC +2)
                  | [Felid growth]
  5690 | D:6      | Reached XP level 6. HP: 12/27 MP: 3/12
  6131 | D:6      | Noticed Menkaure
  6183 | D:6      | Killed Menkaure
  6184 | D:6      | Reached XP level 7. HP: 21/30 MP: 5/13
  6561 | D:6      | Noticed Maggie
  6594 | D:6      | Killed Maggie
  6727 | D:6      | Noticed Sigmund
  6747 | D:6      | Killed Sigmund
  6748 | D:6      | Reached skill level 5 in Stealth
  6748 | D:6      | Reached XP level 8. HP: 34/34 MP: 5/14
  6988 | D:6      | Reached skill level 1 in Poison Magic
  7244 | D:6      | Reached * piety under Vehumet
  7244 | D:6      | Offered knowledge of Shock by Vehumet.
  7247 | D:6      | Learned a level 1 spell: Shock
  7306 | D:6      | Found a burning altar of Makhleb.
  7459 | D:7      | Noticed a troll
  7669 | D:5      | Reached skill level 5 in Dodging
  7733 | D:5      | Reached skill level 4 in Spellcasting
  7830 | D:5      | Found Rinetukaco's General Store.
  7838 | D:5      | Bought 2 scrolls of blinking for 210 gold pieces
  7838 | D:5      | Bought a scroll of immolation for 56 gold pieces
  7838 | D:5      | Bought a potion of lignification for 42 gold pieces
  8425 | D:5      | Reached skill level 5 in Spellcasting
  8557 | D:5      | Reached XP level 9. HP: 36/37 MP: 12/17
  8561 | D:5      | Learned a level 3 spell: Vampiric Draining
  8602 | D:5      | Learned a level 3 spell: Confusing Touch
  8870 | D:7      | Killed a troll
  8870 | D:7      | Offered knowledge of Searing Ray by Vehumet.
  8968 | D:7      | Found an iron altar of Okawaru.
  9022 | D:7      | Reached ** piety under Vehumet
  9157 | D:7      | Learned a level 2 spell: Searing Ray
  9338 | D:7      | Found a shimmering blue altar of Sif Muna.
  9446 | D:7      | Reached skill level 6 in Spellcasting
  9838 | D:8      | Noticed a two-headed ogre
  9843 | D:8      | Noticed Prince Ribbit
  9950 | D:8      | Killed Prince Ribbit
  9951 | D:8      | Reached skill level 7 in Spellcasting
 10398 | D:8      | Reached skill level 8 in Spellcasting
 10629 | D:8      | Killed a two-headed ogre
 10629 | D:8      | Offered knowledge of Poisonous Vapours by Vehumet.
 10630 | D:8      | Reached skill level 9 in Spellcasting
 10630 | D:8      | Reached XP level 10. HP: 42/42 MP: 7/24
 10761 | D:7      | Learned a level 2 spell: Poisonous Vapours
 11213 | D:8      | Noticed a purple ugly thing
 11245 | D:8      | Killed a purple ugly thing
 11246 | D:8      | Reached skill level 10 in Spellcasting
 11369 | D:8      | Reached *** piety under Vehumet
 11451 | D:8      | Noticed a gargoyle
 11469 | D:8      | Killed a gargoyle
 11524 | D:8      | Noticed a centaur warrior
 11645 | D:9      | Found a hide-covered altar of Uskayaw.
 11738 | D:9      | Reached skill level 5 in Fighting
 12344 | D:9      | Offered knowledge of Stone Arrow by Vehumet.
 12505 | D:9      | Found a staircase to the Lair.
 13304 | D:10     | Entered Level 10 of the Dungeon
 13308 | D:10     | Noticed Harold
 13326 | D:10     | Noticed a two-headed ogre
 13336 | D:9      | Mangled by Harold
 13337 | D:9      | Reached XP level 9. HP: -7/41 MP: 7/24
 13382 | D:9      | Reached XP level 10. HP: 45/45 MP: 20/25
 13486 | D:9      | Killed Harold
 13655 | D:10     | Found a staircase to the Orcish Mines.
 13760 | D:10     | Noticed Sonja
 13965 | D:10     | Reached **** piety under Vehumet
 14110 | D:10     | Killed Sonja
 14294 | D:10     | Offered knowledge of Sticky Flame by Vehumet.
 14328 | D:10     | Slain by a gnoll sergeant
 14329 | D:10     | Reached XP level 9. HP: -4/44 MP: 14/24
 14464 | D:10     | Killed a two-headed ogre
 14465 | D:10     | Reached XP level 10. HP: 37/49 MP: 16/25
 14954 | D:10     | Found a broken altar of Ashenzari.
 14956 | D:10     | Noticed a gargoyle
 14972 | D:10     | Killed a gargoyle
 15355 | Lair:1   | Entered Level 1 of the Lair of Beasts
 15365 | Lair:1   | Learned a level 4 spell: Sticky Flame
 15398 | Lair:1   | HP: 3/73 [wyvern (9)]
 15637 | Lair:1   | Noticed a cane toad
 15666 | Lair:1   | Killed a cane toad
 15844 | Lair:1   | Noticed a cane toad
 15865 | Lair:1   | Killed a cane toad
 15927 | Lair:1   | Reached skill level 11 in Spellcasting
 16338 | Lair:1   | Reached XP level 11. HP: 37/53 MP: 14/27
 16858 | Lair:2   | Reached ***** piety under Vehumet
 17017 | Lair:2   | Noticed a five-headed hydra
 17230 | D:11     | Offered knowledge of Arcjolt by Vehumet.
 17237 | D:11     | Learned a level 5 spell: Arcjolt
 17400 | D:11     | Noticed a boulder beetle
 17404 | D:11     | Noticed Gastronok
 17470 | Orc:1    | Entered Level 1 of the Orcish Mines
 17736 | Orc:1    | Reached skill level 10 in Dodging
 18138 | Orc:2    | Entered Level 2 of the Orcish Mines
 18138 | Orc:2    | Found a staircase to the Elven Halls.
 18543 | Orc:2    | Noticed an orc knight
 18907 | Lair:3   | Noticed a catoblepas
 19365 | Lair:2   | Reached skill level 10 in Fighting
 19593 | Lair:2   | Noticed a catoblepas
 19633 | Lair:2   | Killed a catoblepas
 19822 | Lair:2   | Killed a five-headed hydra
 19823 | Lair:2   | Reached skill level 5 in Conjurations
 20776 | Lair:3   | Killed a catoblepas
 20777 | Lair:3   | Reached skill level 10 in Stealth
 20918 | Lair:3   | Found a staircase to the Snake Pit.
 20956 | Lair:3   | Gained mutation: Your thick and shaggy fur keeps you warm.
                  | (AC +3, rC+) [Felid growth]
 20956 | Lair:3   | Reached XP level 12. HP: 39/58 MP: 24/28
 21154 | Lair:3   | Noticed a four-headed hydra
 21174 | Lair:3   | Killed a four-headed hydra
 21443 | Lair:3   | Found a staircase to the Swamp.
 21444 | Lair:3   | Noticed a five-headed hydra
 21474 | Lair:3   | Killed a five-headed hydra
 21617 | Lair:3   | Reached skill level 5 in Unarmed Combat
 22217 | Lair:3   | Noticed a five-headed hydra
 22275 | Lair:3   | Killed a five-headed hydra
 22666 | Lair:4   | Noticed a five-headed hydra
 22683 | Lair:4   | Killed a five-headed hydra
 23113 | Lair:4   | Found a viscous altar of Jiyva.
 23113 | Lair:4   | Found a staircase to the Slime Pits.
 23276 | Lair:4   | Noticed a death yak
 23276 | Lair:4   | Noticed a death yak
 23276 | Lair:4   | Noticed a death yak
 23276 | Lair:4   | Noticed a death yak
 23276 | Lair:4   | Noticed a death yak
 23281 | Lair:4   | Reached skill level 5 in Evocations
 23657 | Lair:4   | Offered knowledge of Fireball by Vehumet.
 23665 | Lair:4   | Learned a level 5 spell: Fireball
 23741 | Lair:4   | Reached skill level 1 in Fire Magic
 23748 | Lair:4   | Killed a death yak
 23792 | Lair:4   | Killed a death yak
 24600 | D:11     | Killed from afar by a vampire

Illustrated notes

Levels and vault maps discovered:
D:1:      onia_arrival_pyramid, layout_rooms
D:2:      layout_rooms, minmay_3d_cube
D:3:      layout_basic, serial_shops, shop, uniq_crazy_yiuf_cottage
D:4:      layout_loops_corners, kennysheep_little_box,
          nemelex_spade_bored_becter, general_overflow_altar,
          minmay_temple_entry_drinking_statues,
          nicolae_concentric_dashed_squares_wild, chequers_decorated_corner
D:5:      minmay_opposing_rooms, layout_cave_pods, serial_shops, shop_statue,
          chequers_serial_rivers_small_b
D:6:      layout_basic, makhleb_grotto_becter, kennysheep_nub, uniq_maggie,
          uniq_sigmund, uniq_menkaure
D:7:      layout_rooms, kennysheep_mini, mainiacjoe_overflow_boulevard,
          serial_glass, glass_columns_a, glass_columns_a, water_maze_lemuel
D:8:      minmay_chambers_of_sixes, layout_rooms, trog_butcher_becter,
          minmay_ruffians, uniq_prince_ribbit1
D:9:      layout_long_grid, mainiacjoe_overflow_cross_hatched,
          due_lair_maze_entry_diamond, minmay_gold_behind_fungi, disabler_island
D:10:     layout_rooms, mainiacjoe_overflow_concentric_impassable,
          kennysheep_orc_monster_closet_entryway, kennysheep_big_empty_room,
          grunt_ministairs_6, uniq_harold, uniq_sonja
D:11:     layout_loops_ring, uniq_gastronok
Temple:   hellmonk_temple_forest_ring
Lair:1:   layout_small_grid
Lair:2:   layout_chaotic_city, bh_autumn_forest_stairs,
          grunt_forest_large_clearing_hut, grunt_megastairs_2
Lair:3:   layout_layer_cave, minmay_swamp_entry_reptiles,
          guppyfry_snake_entry_garden, minivault_25
Lair:4:   layout_regular_city, dpeg_slime_entry_enclosed, lookout_lair_type,
          infiniplex_staircase_pool
Orc:1:    layout_caves
Orc:2:    st_orc_rangers, layout_caves, serial_shops, nicolae_shop_hallway_plus,
          uniq_maurice

Skill      XL: |  1  2  3  4  5  6  7  8  9 10 11 12 |
---------------+-------------------------------------+-----
Conjurations   | 1 2 3 4 5 |  5.4
Fighting       | 2 3 8 9 10 | 10.5
Unarmed Combat | 2 6 |  6.5
Summonings     | 2 |  2.9
Evocations     | 2 5 |  5.2
Translocations | 3 |  3.6
Air Magic      | 3 4 |  4.0
Stealth        | 5 8 10 | 10.5
Poison Magic   | 3 |  3.1
Dodging        | 5 8 10 | 10.5
Spellcasting   | 5 9 11 | 11.3
Hexes          | 4 |  4.7
Fire Magic     | 3 |  3.8

Action                     |  1- 3 |  4- 6 |  7- 9 | 10-12 || total
---------------------------+-------+-------+-------+-------++-------
  Melee: Unarmed           |    13 |    18 |   125 |   130 ||   286
         Bite              |     5 |     3 |    24 |    19 ||    51
         Punch             |       |       |     3 |     5 ||     8
   Cast: Magic Dart        |   104 |   112 |    28 |       ||   244
         Call Imp          |     8 |    31 |    24 |    77 ||   140
         Blink             |     3 |     3 |     1 |    39 ||    46
         Cigotuvi's Dreadf |       |     2 |    11 |     6 ||    19
         Mephitic Cloud    |       |     1 |    20 |    27 ||    48
         Shock             |       |       |   170 |   568 ||   738
         Poisonous Vapours |       |       |     8 |    36 ||    44
         Searing Ray       |       |       |     4 |     7 ||    11
         Confusing Touch   |       |       |     3 |     3 ||     6
         Sticky Flame      |       |       |       |    73 ||    73
         Vampiric Draining |       |       |       |    11 ||    11
         Arcjolt           |       |       |       |    13 ||    13
         Fireball          |       |       |       |     1 ||     1
  Evoke: Wand              |       |     1 |     6 |    21 ||    28
         Box of beasts     |       |       |       |     1 ||     1
    Use: Scroll            |       |     5 |     5 |     9 ||    19
         Potion            |       |       |       |     6 ||     6
   Stab: Confused          |       |     1 |    15 |     6 ||    22
         Sleeping          |       |       |       |    11 ||    11
 Armour: Skin              |     1 |     4 |     7 |    23 ||    35
  Dodge: Dodged            |    34 |    29 |   120 |   396 ||   579

Table legend: (Time is in decaauts)
 A = Elapsed time spent in this place.
 B = Non-inter-level travel time spent in this place.
 C = Inter-level travel time spent in this place.
 D = Time resting spent in this place.
 E = Time spent auto-exploring this place.
 F = Levels seen in this place.
 G = Mean time per level.
                   A        B        C        D        E       F      G
               +--------+--------+--------+--------+--------+-----+--------+
         Total |  22115 |  20895 |   1220 |   4865 |  11841 |  18 | 1228.6 |
       Dungeon |  14079 |  13165 |    914 |   2654 |   7615 |  11 | 1279.9 |
        Temple |    107 |     91 |     16 |      0 |     73 |   1 |  107.0 |
          Lair |   6848 |   6574 |    274 |   1864 |   3625 |   4 | 1712.0 |
  Orcish Mines |   1079 |   1064 |     15 |    347 |    527 |   2 |  539.5 |
               +--------+--------+--------+--------+--------+-----+--------+

Top non-repeatable levels by time:
  Lair:3: 2255 daAuts
     D:9: 2159 daAuts
     D:5: 1661 daAuts
  Lair:4: 1652 daAuts
     D:6: 1648 daAuts
    D:10: 1532 daAuts
  Lair:2: 1507 daAuts
     D:8: 1487 daAuts
  Lair:1: 1433 daAuts
     D:3: 1305 daAuts
     D:7: 1206 daAuts
     D:2: 1191 daAuts
     D:4: 1135 daAuts
   Orc:1: 772 daAuts
     D:1: 669 daAuts
